 Dungeon Crawl Stone Soup version 0.28.0-1-gb440e238dd (webtiles) character file.

Game seed: 3479526364843343774

1121 Snicker the Sneak (level 8, -1/60 HPs)
             Began as a Demonspawn Delver on Feb 20, 2022.
             Succumbed to a gnoll sergeant's poison
             ... on level 5 of the Dungeon.
             The game lasted 00:10:20 (4940 turns).

Snicker the Sneak (Demonspawn Delver)               Turns: 4940, Time: 00:10:21

Health: -1/60      AC:  4    Str: 13    XL:     8   Next: 12%
Magic:  8/8        EV: 12    Int: 20    God:
Gold:   144        SH:  4    Dex: 17    Spells: 7/7 levels left

rFire   . . .      SeeInvis .   a - +7 rapier of the Hated {flame, Fly Int+3}
rCold   . . .      Faith    .   (no shield)
rNeg    . . .      Spirit   .   b - +0 leather armour
rPois   .          Reflect  .   l - +0 helmet
rElec   .          Harm     .   (no cloak)
rCorr   .          Rampage  .   (no gloves)
Will    .....                   (no boots)
Stlth   ++++......              (no amulet)
HPRegen 0.20/turn               h - +6 ring of intelligence
MPRegen 0.22/turn               (no ring)

@: lethally poisoned (-1 -> -24), flying
A: magic regeneration, condensation shield, weakness stinger 2
a: no special abilities


You were on level 5 of the Dungeon.
You visited 2 branches of the dungeon, and saw 7 of its levels.

You collected 144 gold pieces.

Inventory:

Hand Weapons
 a - the +7 rapier of the Hated (weapon) {flame, Fly Int+3}
   (You found it on level 2 of the Dungeon)

   It burns those it strikes, dealing additional fire damage.
   Int:       It affects your intelligence (+3).
   Fly:       It grants you flight.
 k - a +0 short sword
 m - a +0 dagger of venom
Armour
 b - a +0 leather armour (worn)
 l - a +0 helmet (worn)
Magical Staves
 j - a staff of earth
Jewellery
 h - a +6 ring of intelligence (left hand)
Wands
 g - a wand of digging (9)
Scrolls
 c - 2 scrolls of fog
 d - 2 scrolls of magic mapping
 e - 3 scrolls of fear
 i - 3 scrolls of identify {unknown}
 q - a scroll of brand weapon {unknown}
 r - a scroll of vulnerability {unknown}
 s - a scroll of teleportation {unknown}
 u - a scroll of summoning {unknown}
 v - a scroll of blinking
 w - a scroll of immolation {unknown}
Potions
 f - a potion of haste
 n - a potion of ambrosia {unknown}
 o - a potion of curing
 p - a potion of berserk rage {unknown}
 t - a potion of invisibility {unknown}


   Skills:
 + Level 3.8 Fighting
 * Level 5.7 Short Blades
 + Level 2.2 Armour
 + Level 2.5 Dodging
 * Level 7.3 Stealth
 + Level 1.5 Shields


You had 7 spell levels left.
You didn't know any spells.
Your spell library contained the following spells:

 Spells                   Type           Power      Damage    Failure   Level
 Sandblast                Erth           0%         2d4       24%         1
 Ensorcelled Hibernation  Hex/Ice        0%         N/A       36%         2
 Passwall                 Tmut/Erth      0%         N/A       36%         2
 Stone Arrow              Conj/Erth      0%         3d7       58%         3
 Swiftness                Air            0%         N/A       58%         3


Dungeon Overview and Level Annotations

Branches:
Dungeon (6/15)             Temple (1/1) D:4

Altars:
Cheibriados
Elyvilon
Fedhas
Hepliaklqana
Kikubaaqudgha
Makhleb
Nemelex Xobeh
Okawaru
Qazlal
Sif Muna
Trog
Uskayaw
Wu Jian
Xom
Yredelemnul
Zin
The Shining One

Shops:
D:3 *   D:5 *[!*


Innate Abilities, Weirdness & Mutations

You regenerate magic rapidly.
A meltable shield of frost defends you. (SH +4)
You have a tail ending in a sharp stinger.


Message History

The gnoll misses you.
A phantom comes into view.
The gnoll barely misses you.
You puncture the gnoll! You burn the gnoll.
You kill the gnoll!
You block the gnoll's attack.
You hit the gnoll. You burn the gnoll.
Your tail-slap misses the gnoll.
The gnoll is severely wounded.
The gnoll hits you with a +0 spear.
You closely miss the gnoll.
The gnoll is severely wounded.
The gnoll hits you with a +0 spear!
You puncture the gnoll! You burn the gnoll.
You kill the gnoll!
You block the gnoll sergeant's attack.
The gnoll sergeant hits you with a +2 spear of venom.
You are poisoned.
The gnoll closely misses you.
You see here a +0 spear.
You hit the gnoll sergeant but do no damage.
You feel very sick.
The gnoll sergeant hits you with a +2 spear of venom!
* * * LOW HITPOINT WARNING * * *
You are lethally poisoned!
The gnoll barely misses you.
Unknown command.
It was a potion of curing.
You feel better.
The gnoll sergeant hits you with a +2 spear of venom.
You are poisoned.
The gnoll closely misses you.
You feel very sick.
The gnoll sergeant completely misses you.
You feel sick.
There is a stone staircase leading up, spattered with blood here.
You feel sick.
The gnoll sergeant hits you from afar with a +2 spear of venom!
* * * LOW HITPOINT WARNING * * *
You are lethally poisoned!
You fly upwards.
You die...

#####.........#......# #
#................#
#####........#.#+#+###
#...#........#...#.#
.............##..#.#
...................###
.............##......####
........#...............#
................@.......#
.................#......#
...##.....(......#......#
....#....#..............#
PPP...####..............#
.∩P...# #............###
P.P.#.# #...###......#
....#.# ##### #......#
##.##.# #......#


There were no monsters in sight!

Vanquished Creatures
  The ghost of arthad the Chopper, an amateur OpWn of Ashenzari (D:4)
  Grinder (D:3)
  A sky beast (D:5)
  An ogre (D:6)
  2 scorpions
  A centaur zombie (D:5)
  A hound (D:5)
  3 jellies (D:5)
  A bullfrog skeleton (D:5)
  Jessica (D:3)
  Ijyb (D:4)
  4 iguanas
  2 gnolls (D:6)
  3 adders
  An ufetubus (D:5)
  4 worms (D:2)
  5 dart slugs
  4 orcs
  3 ball pythons
  3 endoplasms
  4 giant cockroaches
  4 goblins
  2 hobgoblins
  3 jackals (D:1)
  2 quokkas
  4 bats
  5 frilled lizards
  A goblin zombie (D:4)
  5 kobolds
  3 rats
  A rat zombie (D:4)
77 creatures vanquished.

Notes
Turn   | Place    | Note
-------+----------+-------------------------------------------
     0 | D:5      | Snicker the Demonspawn Delver began the quest for the Orb.
     0 | D:5      | Reached XP level 1. HP: 18/18 MP: 1/1
     1 | D:6      | Noticed an ogre
    34 | D:5      | Found Apuadiew's Assorted Antiques.
    68 | D:5      | Reached skill level 5 in Stealth
    68 | D:5      | Gained mutation: A meltable shield of frost defends you.
                  | (SH +4) [demonic ancestry]
    68 | D:5      | Reached XP level 2. HP: 13/24 MP: 2/2
    68 | D:5      | Gained mutation: You have a small tail. [demonic ancestry]
    68 | D:5      | Reached XP level 3. HP: 16/29 MP: 3/3
   389 | D:3      | Noticed Grinder
   497 | D:2      | Identified the +7 rapier of the Hated {flame, Fly Int+3}
  1037 | D:2      | Reached XP level 4. HP: 35/35 MP: 4/4
  1570 | D:1      | Found a faded altar of an unknown god.
  1570 | D:1      | Noticed a golden eye
  1575 | D:1      | Noticed a golden eye
  1579 | D:1      | Noticed a floating eye
  1590 | D:1      | Noticed a great orb of eyes
  2159 | D:3      | Killed Grinder
  2160 | D:3      | Reached skill level 1 in Armour
  2160 | D:3      | Reached XP level 5. HP: 34/41 MP: 5/5
  2160 | D:3      | Reached XP level 6. HP: 39/47 MP: 6/6
  2362 | D:3      | Found Heannop's Assorted Antiques.
  2479 | D:3      | Reached skill level 6 in Stealth
  2510 | D:3      | Noticed Jessica
  2517 | D:3      | Killed Jessica
  2803 | D:4      | Noticed Ijyb
  2811 | D:4      | Killed Ijyb
  2873 | D:4      | Found a staircase to the Ecumenical Temple.
  3013 | Temple   | Entered the Ecumenical Temple
  3191 | D:4      | Noticed arthad's ghost (amateur OpWn)
  3200 | D:4      | Found a runed translucent door.
  3596 | D:4      | Killed arthad's ghost
  3597 | D:4      | Gained mutation: You have a tail ending in a sharp stinger.
                  | [demonic ancestry]
  3597 | D:4      | Reached XP level 7. HP: 38/53 MP: 7/7
  3839 | D:5      | Reached skill level 1 in Shields
  3928 | D:5      | Reached skill level 5 in Short Blades
  3976 | D:5      | Reached skill level 7 in Stealth
  4098 | D:5      | Found Hoxtuhuelo's Distillery.
  4512 | D:5      | Found Hotinaz's Assorted Antiques.
  4535 | D:5      | Gained mutation: You regenerate magic rapidly. [demonic
                  | ancestry]
  4535 | D:5      | Reached XP level 8. HP: 60/60 MP: 8/8
  4554 | D:5      | Found Jatutsutt's Antique Armour Shop.
  4940 | D:5      | Succumbed to a gnoll sergeant's poison

Illustrated notes

Levels and vault maps discovered:
D:1:      lemuel_arrival_lava_pool, layout_basic,
          hellmonk_ecumenical_altar_watching_god
D:2:      layout_loops_ring
D:3:      layout_loops_ring, serial_shops, shop_statue, uniq_jessica,
          uniq_grinder
D:4:      layout_loops_ring, zin_academy, minmay_temple_entry_large_hall,
          hellmonk_ghost_happy_afterlife, enter_ossuary_4, uniq_ijyb
D:5:      layout_basic, serial_shops, shop, nicolae_shop_overgrown_old_shop,
          shop, nicolae_shop_stone
D:6:      layout_loops_corners, hangedman_decor_riveting, grunt_ministairs_6
Temple:   regret_index_temple_sphere_string

Skill      XL: |  1  2  3  4  5  6  7 |
---------------+----------------------+-----
Short Blades   | 2 3 4 5 |  5.7
Stealth        | 5 6 7 |  7.3
Armour         | 1 2 |  2.2
Dodging        | 2 |  2.5
Shields        | 1 |  1.5
Fighting       | |  3.8

Action                   |  1- 3 |  4- 6 |  7- 9 || total
-------------------------+-------+-------+-------++-------
Melee: Short sword       |    27 |       |       ||    27
       Punch             |     3 |     1 |     1 ||     5
       Rapier            |    16 |    87 |    61 ||   164
       Tailslap          |     2 |     8 |     3 ||    13
  Use: Potion            |       |     2 |     1 ||     3
       Scroll            |       |     1 |       ||     1
 Stab: Sleeping          |     1 |    14 |     5 ||    20
Armor: Leather armour    |    10 |    21 |     6 ||    37
Dodge: Dodged            |    23 |    35 |    26 ||    84
Block: Other             |     2 |    17 |     8 ||    27
